 Dungeon Crawl Stone Soup version 0.25.0-46-gbd7b0854d2 (webtiles) character file.

Game seed: 11293345854526478574

46 Jimbable the Poker (level 3, -1/28 HPs)
             Began as a Merfolk Gladiator on July 16, 2020.
             Killed from afar by a white imp (12 damage)
             ... with a puff of frost
             ... summoned by Natasha
             ... on level 2 of the Dungeon.
             The game lasted 00:01:57 (1123 turns).

Jimbable the Poker (Merfolk Gladiator)              Turns: 1123, Time: 00:01:57

Health: -1/28      AC:  1    Str: 15    XL:     3   Next: 68%
Magic:  3/3        EV: 15    Int: 13    God:
Gold:   55         SH:  0    Dex: 15    Spells: 2/2 levels left

rFire    . . .     SeeInvis .   a - +0 trident
rCold    . . .     Gourm    .   (no shield)
rNeg     . . .     Faith    .   m - -2 robe (curse)
rPois    .         Spirit   .   c - +0 helmet
rElec    .         Reflect  .   (no cloak)
rCorr    .         Harm     .   (no gloves)
MR       .....                  (no boots)
Stlth    +.........             (no amulet)
HPRegen  0.09/turn              o - +6 ring of intelligence
MPRegen  0.08/turn              (no ring)

@: slowed, very slow
A: change form in water, swift swim, stealthy swim
a: no special abilities


You were on level 2 of the Dungeon.
You were hungry.

You visited 1 branch of the dungeon, and saw 2 of its levels.

You collected 55 gold pieces.

Inventory:

Hand Weapons
 a - a +0 trident (weapon)
Missiles
 d - 2 throwing nets (quivered)
Armour
 b - a +0 leather armour
 c - a +0 helmet (worn)
 m - a cursed -2 robe (worn)
Jewellery
 o - a +6 ring of intelligence (left hand)
Scrolls
 g - a scroll of enchant weapon {unknown}
 k - a scroll of teleportation {unknown}
Potions
 e - 2 potions of haste {unknown}
 h - 2 potions of ambrosia {unknown}
 i - a potion of flight {unknown}
 j - 2 potions of mutation {unknown}
 l - a potion of curing {unknown}
 n - a potion of lignification {unknown}
Comestibles
 f - 4 rations


   Skills:
 + Level 2.3 Fighting
 + Level 5.5 Polearms
 + Level 2.1 Throwing
 + Level 4.9 Dodging
 + Level 0.2 Stealth


You had 2 spell levels left.
You didn't know any spells.
Your spell library was empty.

Dungeon Overview and Level Annotations

Branches:
Dungeon (2/15)

Altars:

Annotations:
D:2 Natasha


Message History

You barely miss the white imp.
Natasha stares at you and mumbles some strange words.
You feel yourself slow down. The white imp hits you. The white imp freezes you.
Natasha misses you. The white imp closely misses you. Natasha misses you.
You closely miss Natasha. The white imp gestures at you.
The puff of frost hits you. Natasha closely misses you.
The white imp closely misses you.
You closely miss Natasha. Natasha misses you. The white imp hits you.
The white imp freezes you. Natasha claws you.
You barely miss Natasha. The white imp closely misses you.
Natasha closely misses you. The white imp closely misses you.
Throwing (i - inventory)
d - 3 throwing nets (quivered)
Press: ? - help, Shift-Dir - straight line, f - Natasha
Aim: Natasha You throw a throwing net.
The throwing net hits Natasha.
Natasha is caught in the net!
Natasha struggles against the net.
The white imp gestures at you. The puff of frost hits you!
You die...

.... #......# ..#
#....^.######+#####.#
#......##........##'#
#......##............
#......##......รท.....
+......+.........(...
#......##........###.
#..h@..?.....##### ##
#...5...####.# #
#..........# #.# #
####.#.##### #.# #
#.#. ..# # #. ### #.
## #######


You could see Natasha (caught) and a white imp (summoned).

Vanquished Creatures
  An iguana (D:2)
  A worm (D:2)
  A giant cockroach (D:1)
  2 goblins (D:1)
  A hobgoblin (D:1)
  2 kobolds (D:1)
  A quokka (D:2)
  4 bats (D:1)
  5 frilled lizards
  4 rats (D:1)
22 creatures vanquished.

Notes
Turn   | Place    | Note
-------+----------+-------------------------------------------
     0 | D:1      | Jimbable the Merfolk Gladiator began the quest for the Orb.
     0 | D:1      | Reached XP level 1. HP: 16/16 MP: 1/1
   171 | D:1      | Reached XP level 2. HP: 22/22 MP: 2/2
   735 | D:2      | Reached skill level 5 in Polearms
   735 | D:2      | Reached XP level 3. HP: 6/28 MP: 3/3
  1114 | D:2      | Noticed Natasha
  1123 | D:2      | Killed from afar by a white imp

Illustrated notes

Levels and vault maps discovered:
D:1:      lemuel_arrival_broad_hall, layout_loops_ring
D:2:      layout_basic, first_ration, uniq_robin, uniq_natasha

Skill      XL: |  1  2 |
---------------+-------+-----
Polearms       | 5 |  5.5
Fighting       | |  2.3
Throwing       | |  2.1
Dodging        | |  4.9
Stealth        | |  0.2

Action                   || total
-------------------------++-------
Melee: Trident           ||    71
Throw: Throwing net      ||     1
Armor: Leather armour    ||    16
       Robe              ||     1
Dodge: Dodged            ||    41
